 Dungeon Crawl Stone Soup version 0.29.0-13-gc9e81de378 (webtiles) character file.

Game seed: 1920079142605438570

79 mtoz the Trooper (level 4, -2/29 HPs)
             Began as a Gargoyle Monk on Sept 8, 2022.
             Was a Believer of Qazlal.
             Slain by Crazy Yiuf
             ... wielding a +2 quarterstaff of chaos
              (12 damage)
             ... on level 2 of the Dungeon.
             The game lasted 00:07:44 (2248 turns).

mtoz the Trooper (Gargoyle Monk)                    Turns: 2248, Time: 00:07:44

Health: -2/29      AC: 11    Str: 17    XL:     4   Next: 38%
Magic:  1/4        EV:  7    Int: 10    God:    Qazlal [**....]
Gold:   112        SH:  3    Dex: 12    Spells: 3/3 levels left

rFire   . . .      SeeInvis .     - Unarmed
rCold   . . .      Faith    .   (no shield)
rNeg    + . .      Spirit   .   f - +0 chain mail
rPois   ∞          Reflect  .   (no helmet)
rElec   +          Harm     .   (no cloak)
rCorr   .          Rampage  .   (no gloves)
Will    .....                   (no boots)
Stlth   ..........              g - amulet of regeneration
HPRegen 0.89/turn               (no ring)
MPRegen 0.09/turn               (no ring)

@: no status effects
A: sickness immunity, AC +3, negative energy resistance 1, electricity
resistance, torment resistance 1, petrification resistance
a: Renounce Religion, Upheaval


You were on level 2 of the Dungeon.
You worshipped Qazlal.
Qazlal was pleased with you.
You visited 1 branch of the dungeon, and saw 2 of its levels.

You collected 112 gold pieces.

Inventory:

Missiles
 h - 4 atropa-tipped darts (quivered)
 i - a stone
Armour
 a - a +0 robe
 f - a +0 chain mail (worn)
Jewellery
 g - an amulet of regeneration (around neck)
 j - an amulet of guardian spirit
Scrolls
 c - a scroll of immolation {unknown}
 d - a scroll of silence {unknown}
Potions
 b - a potion of ambrosia
 e - 2 potions of curing
 k - a potion of brilliance {unknown}
 l - a potion of haste {unknown}
 m - 2 potions of berserk rage {unknown}


   Skills:
 + Level 3.8 Fighting
 + Level 1.3 Throwing
 + Level 2.8 Dodging
 + Level 3.0 Stealth
 + Level 3.5 Unarmed Combat


You had 3 spell levels left.
You didn't know any spells.
Your spell library contained the following spells:

 Spells                   Type           Power      Damage    Failure   Level
 Portal Projectile        Hex/Tloc       0%         N/A       100%        3
 Tukima's Dance           Hex            0%         N/A       100%        3
 Blade Hands              Tmut           0%         N/A       100%        5


Dungeon Overview and Level Annotations

Branches:
Dungeon (2/15)

Altars:
Qazlal

Annotations:
D:2 Crazy Yiuf


Innate Abilities, Weirdness & Mutations

You are immune to sickness and miasma.
Your stone body is resilient. (AC +3)
You are immune to poison.
You resist negative energy. (rN+)
You are resistant to electric shocks. (rElec)
You are resistant to unholy torment.
You are immune to petrification.


Message History

Press: ? - help, Dir - move target, f - Crazy Yiuf
Aim: Crazy Yiuf, wielding a +2 quarterstaff of chaos and wearing a +0 cloak That beam is likely to hit you.
Continue anyway?
Okay, then.
Press: ? - help, v - describe, . - travel The floor.
Aiming: Upheaval
Press: ? - help, Dir - move target, p - Crazy Yiuf Magma suddenly erupts from the ground!
You can no longer give life to nearby clouds.
You block Crazy Yiuf's attack.
You closely miss Crazy Yiuf. Crazy Yiuf barely misses you.
You hit Crazy Yiuf.
Crazy Yiuf is moderately wounded.
Crazy Yiuf hits you with a +2 quarterstaff of chaos.
You hit Crazy Yiuf.
Crazy Yiuf is severely wounded.
You hit Crazy Yiuf.
Crazy Yiuf is severely wounded.
Crazy Yiuf hits you but does no damage.
You hit Crazy Yiuf.
Crazy Yiuf is severely wounded.
Crazy Yiuf hits you but does no damage.
You hit Crazy Yiuf.
Crazy Yiuf is almost dead.
Crazy Yiuf drinks a potion.
Crazy Yiuf is healed!
You barely miss Crazy Yiuf.
Crazy Yiuf is moderately wounded.
Crazy Yiuf hits you but does no damage.
You barely miss Crazy Yiuf.
Crazy Yiuf is moderately wounded.
Crazy Yiuf hits you with a +2 quarterstaff of chaos!
You hit Crazy Yiuf.
Crazy Yiuf is heavily wounded.
Crazy Yiuf hits you with a +2 quarterstaff of chaos!
Crazy Yiuf burns you.
You hit Crazy Yiuf.
Crazy Yiuf is severely wounded.
Crazy Yiuf hits you with a +2 quarterstaff of chaos!
You die...

.....#..##.......##..............
###.###.##.......##.#############
##.## ##........).).#
###.###.############# ~###.#..##
~........# ~#####.### ### ♣♣####
~~# #.# #)..#♣♣ ♣♣P...## ≈~# #.#
#...g@♣♣♣♣......# ≈~# #.#
#...#♣..♣..P....# ≈~## #.# ###
♣♣♣.♣.P..#.# ≈~.# #.###
♣♣♣♣♣##..# ≈~.# #...# #.##
~~.################ ###.#
~#................# #...#
~...............#.# #.###
~###.############.# #.########


You could see Crazy Yiuf.

Vanquished Creatures
  3 adders (D:2)
  3 dart slugs (D:1)
  An orc (D:2)
  5 bats
  5 endoplasms
  4 giant cockroaches
  5 goblins
  5 hobgoblins
  2 quokkas (D:1)
  2 ball pythons (D:1)
  2 frilled lizards (D:1)
  2 kobolds (D:2)
  5 rats
44 creatures vanquished.

Vanquished Creatures (others)
  3 plants (D:1)
3 creatures vanquished.

Grand Total: 47 creatures vanquished

Notes
Turn   | Place    | Note
-------+----------+-------------------------------------------
     0 | D:1      | mtoz the Gargoyle Monk began the quest for the Orb.
     0 | D:1      | Reached XP level 1. HP: 14/14 MP: 1/1
    72 | D:1      | Reached XP level 2. HP: 2/19 MP: 2/2
   586 | D:1      | Found a faded altar of an unknown god.
   864 | D:1      | Reached XP level 3. HP: 23/23 MP: 3/3
  1383 | D:1      | Reached skill level 1 in Throwing
  1443 | D:1      | Prayed at the altar of an unknown god.
  1443 | D:1      | Became a worshipper of Qazlal Stormbringer
  1443 | D:1      | Reached * piety under Qazlal
  1443 | D:1      | Reached ** piety under Qazlal
  1856 | D:2      | Reached XP level 4. HP: 29/29 MP: 4/4
  1919 | D:2      | Reached *** piety under Qazlal
  2145 | D:2      | Found a runed translucent door.
  2146 | D:2      | Noticed Crazy Yiuf
  2248 | D:2      | Slain by Crazy Yiuf

Illustrated notes

Levels and vault maps discovered:
D:1:      tarquinn_simple_flora_water_c, layout_loops_cross,
          hellmonk_ecumenical_altar_inner_sanctum
D:2:      wander_river, layout_loops_ring, uniq_crazy_yiuf_cottage

Skill      XL: |  1  2  3  4 |
---------------+-------------+-----
Throwing       | 1 |  1.3
Stealth        | 3 |  3.0
Fighting       | |  3.8
Dodging        | |  2.8
Unarmed Combat | |  3.5

Action                   |  1- 3 |  4- 6 || total
-------------------------+-------+-------++-------
Melee: Unarmed           |   187 |    32 ||   219
       Punch             |     4 |       ||     4
Throw: Dart              |     1 |       ||     1
Invok: Upheaval          |       |     1 ||     1
 Stab: Sleeping          |     4 |       ||     4
Armor: Robe              |    49 |       ||    49
       Chain mail        |    41 |    12 ||    53
Dodge: Dodged            |   115 |    17 ||   132
Block: Other             |    17 |     3 ||    20
